 Dungeon Crawl Stone Soup version 0.27.1 (webtiles) character file.

Game seed: 926573640993889483

53 RustandSilver the Ruffian (level 3, 0/36 HPs)
             Began as a Troll Monk on Aug 4, 2021.
             Was a Priest of Lugonu.
             Succumbed to a gnoll's poison
             ... on level 2 of the Dungeon on Aug 24, 2021.
             The game lasted 00:07:28 (1331 turns).

RustandSilver the Ruffian (Troll Monk)              Turns: 1331, Time: 00:07:28

Health: 0/36       AC:  4    Str: 20    XL:     3   Next: 64%
Magic:  2/2        EV: 10    Int:  6    God:    Lugonu [***...]
Gold:   59         SH:  0    Dex: 12    Spells: 2/2 levels left

rFire    + . .     SeeInvis .     - Unarmed
rCold    + . .     Faith    .   (no shield)
rNeg     . . .     Spirit   .   a - +0 robe
rPois    +         Reflect  .   (helmet restricted)
rElec    +         Harm     .   (no cloak)
rCorr    +         Rampage  .   (gloves unavailable)
Will     .....                  (boots unavailable)
Stlth    ++........             (no amulet)
HPRegen  1.12/turn              (no ring)
MPRegen  0.08/turn              (no ring)

@: lethally poisoned (0 -> -1), resistant
A: large, unfitting armour, claws 3, regeneration 1, shaggy fur 1, tough skin 1
a: Renounce Religion, Depart the Abyss, Bend Space, Banish


You were on level 2 of the Dungeon.
You worshipped Lugonu.
Lugonu was most pleased with you.
You visited 1 branch of the dungeon, and saw 2 of its levels.

You collected 59 gold pieces.

Inventory:

Armour
 a - a +0 robe (worn)
Wands
 g - a wand of iceblast (8)
Scrolls
 c - a scroll of identify {unknown}
 j - a scroll of blinking
Potions
 b - a potion of degeneration {unknown}
 d - a potion of attraction {unknown}
 e - a potion of berserk rage {unknown}
 f - a potion of brilliance {unknown}
 h - a potion of resistance
 i - a potion of curing {unknown}


   Skills:
 + Level 2.7 Fighting
 + Level 2.9 Dodging
 + Level 1.2 Stealth
 + Level 3.6 Unarmed Combat


You had 2 spell levels left.
You didn't know any spells.
Your spell library was empty.

Dungeon Overview and Level Annotations

Branches:
Dungeon (2/15)

Altars:
Beogh
Lugonu


Innate Abilities, Weirdness & Mutations

You are too large for most types of armour.
You have claws for hands.
Your natural rate of healing is unusually fast.
You are covered in fur. (AC +1)
You have tough skin. (AC +1)


Message History

Attack: -) Claws
Press: ? - help, Dir - move target, f - gnoll
Aim: a gnoll, wielding a +0 spear (about 35% to evade your claws)
You scratch the gnoll.
The gnoll is heavily wounded.
The gnoll hits you but does no damage.
A gnoll comes into view. It is wielding a +0 spear.
Attack: -) Claws
Press: ? - help, Dir - move target, f/p - gnoll
Aim: a gnoll, wielding a +0 spear (heavily wounded, about 35% to evade your claws)
The gnoll shouts!
You scratch the gnoll.
The gnoll is almost dead.
The gnoll hits you with a +0 spear!
* * * LOW HITPOINT WARNING * * *
You scratch the gnoll.
You kill the gnoll!
Lugonu accepts your kill.
It was a potion of resistance.
You feel protected.
The gnoll hits you with a +1 flail of venom!
* * * LOW HITPOINT WARNING * * *
You scratch the gnoll.
The gnoll is lightly wounded.
The gnoll hits you with a +1 flail of venom.
* * * LOW HITPOINT WARNING * * *
The gnoll closely misses you.
You closely miss the gnoll.
The gnoll is lightly wounded.
The gnoll hits you with a +1 flail of venom.
* * * LOW HITPOINT WARNING * * *
You are poisoned.
The gnoll hits you from afar with a +0 spear.
* * * LOW HITPOINT WARNING * * *
* * * LOW HITPOINT WARNING * * *
You feel very sick.
* * * LOW HITPOINT WARNING * * *
You feel sick.
Found a scroll labelled JOLABU FORYRGH.
You die...

#.# ####.# ....###
#....
#########.#####.##
#.g.........)).>..
#g#######.#######.
#.# #.# #@# #.#
#.# #.# #.# #.# #
#.# #.# # #.# #.#
##### #.# #.#
#.... #.# #.#
#.... #?# #.#
#.... #.# #....


You could see 2 gnolls.

Vanquished Creatures
  2 gnolls (D:2)
  A dart slug (D:1)
  2 orcs (D:2)
  A ball python (D:1)
  A bat (D:1)
  2 endoplasms
  A giant cockroach (D:1)
  4 goblins
  2 hobgoblins
  2 jackals (D:1)
  6 kobolds
  2 rats (D:1)
26 creatures vanquished.

Notes
Turn   | Place    | Note
-------+----------+-------------------------------------------
     0 | D:1      | RustandSilver the Troll Monk began the quest for the Orb.
     0 | D:1      | Reached XP level 1. HP: 22/22 MP: 0/0
   123 | D:1      | Reached XP level 2. HP: 29/29 MP: 1/1
   899 | D:2      | Upgraded the game from 0.27.0-1-g7a089689b8 to 0.27.1
  1048 | D:2      | Reached XP level 3. HP: 36/36 MP: 2/2
  1170 | D:2      | Found a faded altar of an unknown god.
  1208 | D:2      | Became a worshipper of Lugonu the Unformed
  1208 | D:2      | Reached * piety under Lugonu
  1208 | D:2      | Reached ** piety under Lugonu
  1208 | D:2      | Reached *** piety under Lugonu
  1329 | D:2      | HP: 1/36 [poisoned by a gnoll]
  1331 | D:2      | Succumbed to a gnoll's poison

Illustrated notes

Levels and vault maps discovered:
D:1:      wheals_arrival_shading, layout_rooms, hex_large, dk_noncrumbling_2,
          minmay_misc_feat_square
D:2:      layout_basic, hellmonk_ecumenical_altar_defaced_shrine

Action                   || total
-------------------------++-------
Melee: Unarmed           ||    62
       Punch             ||     1
  Use: Scroll            ||     1
       Potion            ||     1
Armor: Robe              ||    21
Dodge: Dodged            ||    35
